 Dungeon Crawl Stone Soup version 0.25-a0-420-g1cc7eeb0d1 (webtiles) character file.

Game seed: 16535647271848621815, levelgen mode: deterministic

7900 MrRokkomies the Slicer (level 11, -10/55 HPs)
             Began as a Spriggan Abyssal Knight on Jan 17, 2020.
             Was a High Priest of Lugonu.
             Mangled by Gastronok (31 damage)
             ... on level 2 of the Lair of Beasts on Jan 18, 2020.
             The game lasted 00:38:02 (13161 turns).

MrRokkomies the Slicer (Spriggan Abyssal Knight)   Turns: 13161, Time: 00:38:02

Health: -10/55     AC:  4    Str: 11    XL:     11   Next: 2%
Magic:  18/18      EV: 23    Int: 13    God:    Lugonu [*****.]
Gold:   403        SH:  4    Dex: 15    Spells: 10/10 levels left

rFire    . . .     SeeInvis +   t - +5 quarterstaff "Ugucest" {vorpal, rN+ Int-2 SInv}
rCold    . . .     Gourm    .   (shield currently unavailable)
rNeg     + + .     Faith    .   y - +0 troll leather armour
rPois    .         Spirit   .   (helmet restricted)
rElec    .         Reflect  .   (no cloak)
rCorr    +         Harm     .   (gloves unavailable)
MR       +....                  (boots unavailable)
Stlth    +++.......             p - amulet of magic regeneration
HPRegen  0.58/turn              s - ring of positive energy
MPRegen  0.41/turn              g - ring of resist corrosion

@: about to teleport, very quick
A: very small, unfitting armour, large bone plates 1, see invisible, herbivore,
speed 3, slow metabolism 2
a: Depart the Abyss, Bend Space, Banish, Corrupt, Enter the Abyss, Renounce
Religion


You were on level 2 of the Lair of Beasts.
You worshipped Lugonu.
Lugonu was extremely pleased with you.
You were not hungry.

You visited 2 branches of the dungeon, and saw 10 of its levels.
You visited the Abyss 1 time.

You collected 619 gold pieces.
You spent 216 gold pieces at shops.

Inventory:

Hand Weapons
 a - a +0 dagger of venom
 b - a +0 hunting sling
 t - the +5 quarterstaff "Ugucest" (weapon) {vorpal, rN+ Int-2 SInv}
   (You found it on level 5 of the Dungeon)

   It inflicts extra damage upon your enemies.
   It affects your intelligence (-2).
   It protects you from negative energy.
   It lets you see invisible.
Missiles
 j - 268 stones (quivered)
 u - 79 sling bullets
Armour
 y - a +0 troll leather armour (worn)
Jewellery
 g - a ring of resist corrosion (right hand)
 p - an amulet of magic regeneration (around neck)
 s - a ring of positive energy (left hand)
Wands
 r - a wand of paralysis (8)
 v - a wand of digging (4)
 w - a wand of polymorph (7)
Scrolls
 e - a scroll of remove curse
 f - 7 scrolls of identify
 i - 3 scrolls of amnesia
 l - 4 scrolls of teleportation
 n - 2 scrolls of fear
Potions
 d - 5 potions of flight
 h - 5 potions of brilliance
 k - 2 potions of might
 m - a potion of lignification
 o - 3 potions of mutation
 q - 2 potions of ambrosia
Comestibles
 c - 19 rations


   Skills:
 - Level 5.0 Fighting
 - Level 10.0 Short Blades
 * Level 5.8 Slings
 + Level 9.2 Dodging
 - Level 7.4 Stealth
 + Level 9.0 Invocations
 * Level 6.1 Evocations


You had 10 spell levels left.
You didn't know any spells.
Your spell library was empty.

Dungeon Overview and Level Annotations

Branches:
Dungeon (8/15)             Temple (0/1) D:6            Lair (2/6) D:8
 Shoals (0/4) Lair:2       Spider (0/4) Lair:2

Altars:
Ashenzari
Nemelex Xobeh

Shops:
D:5 :*}

Annotations:
D:5 1 runed translucent door, Utbildad1's ghost, amateur OpWz
Lair:2 Gastronok


Innate Abilities, Weirdness & Mutations

You are very small and have problems with some larger weapons.
You are too small for most types of armour.
You have supernaturally acute eyesight. (SInv)
You are a herbivore.
You cover ground extremely quickly.
You need to consume almost no food.
You are partially covered in large bone plates. (SH +4)


Message History

The rat misses you.
You barely miss Gastronok.
Gastronok is heavily wounded.
The bat hits you but does no damage. The bat completely misses you.
The bat hits you but does no damage. The rat completely misses you.
The rat misses you. You block Gastronok's attack.
Your troll leather armour prevents you from hitting Gastronok.
Gastronok is heavily wounded.
The bat hits you but does no damage. The bat completely misses you.
The rat completely misses you. x2; The rat barely misses you.
Gastronok bites you!!
You hit Gastronok.
Gastronok is heavily wounded.
The bat completely misses you. x2; The rat misses you.
You block the rat's attack. The rat misses you.
As you read the scroll of teleportation, it crumbles to dust.
You feel strangely unstable. The bat misses you. The rat misses you.
The rat closely misses you. Gastronok bites you!!
Ouch! That really hurt!
You die...

..†...###
......#.#########. .#
.................. P#
...........##+.#.#..P#
.........<#......#...#
.....................#
.##..##...#......#...#
##.###P...#....r.w..#
## ##...#.....@#..##
#........b.r#..P#
##....##+#.....P#
#.......b.....## #
##.............##
###P##...............#
....................##
....................#
....................#


You could see Gastronok, 2 bats and 2 rats.

Vanquished Creatures
  A komodo dragon (Lair:2)
  2 trolls (D:8)
  2 hippogriffs
  4 blink frogs (Lair:2)
  A raiju (Abyss:2)
  A wyvern (D:8)
  Sigmund (D:3)
  6 yaks (Lair:1)
  6 water moccasins
  3 porcupines
  2 ice beasts (D:7)
  A phantom (D:5)
  An ogre (D:4)
  An orc warrior (D:6)
  A sky beast (D:8)
  A necrophage (D:8)
  A centaur (D:5)
  3 wolves (D:8)
  2 crocodiles
  6 bullfrogs
  10 killer bees (D:7)
  7 howler monkeys
  2 electric eels (D:8)
  3 crimson imps
  6 jellies
  8 hounds
  3 orc priests
  A centaur skeleton (D:7)
  Terence (D:2)
  2 iguanas
  4 orc wizards
  3 worker ants
  A hound zombie (D:6)
  A hound skeleton (D:5)
  Robin (D:2)
  A worker ant zombie (D:8)
  4 gnolls
  12 adders
  2 shadow imps (D:5)
  An ufetubus (Abyss:2)
  7 oozes
  2 adder skeletons (D:8)
  4 worms
  2 dart slugs
  6 leopard geckos
  21 orcs
  4 ball pythons
  7 bats
  7 giant cockroaches
  13 goblins
  9 hobgoblins
  13 jackals
  A quokka (D:6)
  4 frilled lizards
  A jackal zombie (D:5)
  12 kobolds
  A leopard gecko skeleton (D:4)
  2 quokka skeletons (D:5)
  8 rats
243 creatures vanquished.

Vanquished Creatures (others)
  A manticore (Lair:2)
  A spiny frog (Lair:1)
  2 fungi (D:2)
  2 starspawn tentacles (Abyss:2)
  9 toadstools (D:2)
15 creatures vanquished.

Grand Total: 258 creatures vanquished

Notes
Turn   | Place    | Note
-------+----------+-------------------------------------------
     0 | Abyss:1  | MrRokkomies the Spriggan Abyssal Knight began the quest for
                  | the Orb.
     0 | Abyss:1  | Reached XP level 1. HP: 11/11 MP: 3/3
   104 | Abyss:2  | Noticed a raiju
   106 | Abyss:2  | Noticed a neqoxec
   109 | Abyss:2  | Gained mutation: You have a pair of small horns on your
                  | head. [a neqoxec]
   110 | Abyss:2  | Noticed an iron imp
   111 | Abyss:2  | Killed a raiju
   111 | Abyss:2  | Reached skill level 3 in Short Blades
   111 | Abyss:2  | Reached XP level 2. HP: 16/16 MP: 3/5
   111 | Abyss:2  | Reached XP level 3. HP: 19/19 MP: 3/6
   111 | Abyss:2  | Reached XP level 4. HP: 23/23 MP: 3/7
   111 | Abyss:2  | Reached XP level 5. HP: 27/27 MP: 3/8
   118 | Abyss:2  | Gained mutation: Your body sometimes deteriorates upon
                  | taking damage. [a neqoxec]
   120 | Abyss:2  | Found a corrupted altar of Lugonu.
   120 | Abyss:2  | Noticed a small abomination
   131 | Abyss:2  | Noticed a wretched star
   135 | Abyss:2  | Noticed a large abomination
   139 | Abyss:2  | Noticed a raiju
   162 | Abyss:2  | Noticed a spatial vortex
   163 | Abyss:2  | Noticed a spatial vortex
   166 | Abyss:2  | Noticed a rakshasa
   209 | Abyss:2  | Noticed a neqoxec
   235 | Abyss:2  | Noticed a tentacled starspawn
   258 | Abyss:2  | Found a snail-covered altar of Cheibriados.
   285 | Abyss:2  | Found a snail-covered altar of Cheibriados.
   308 | Abyss:2  | Noticed a neqoxec
   322 | Abyss:2  | Noticed a thrashing horror
   330 | D:1      | Escaped the Abyss
   352 | D:1      | Reached * piety under Lugonu
   541 | D:1      | Reached skill level 4 in Short Blades
  1252 | D:2      | Identified the +2 helmet of Distant Worlds {rF+ rN+ rCorr
                  | Dex+3}
  1252 | D:2      | Noticed Robin
  1283 | D:2      | Reached ** piety under Lugonu
  1302 | D:2      | Killed Robin
  1312 | D:2      | Lost mutation: Your body sometimes deteriorates upon taking
                  | damage. [potion of mutation]
  1312 | D:2      | Lost mutation: You have a pair of small horns on your head.
                  | [potion of mutation]
  1312 | D:2      | Gained mutation: Your magical capacity is low. (-10% MP)
                  | [potion of mutation]
  1312 | D:2      | Lost mutation: Your magical capacity is low. (-10% MP)
                  | [potion of mutation]
  1312 | D:2      | Gained mutation: You are partially covered in large bone
                  | plates. (SH +4) [potion of mutation]
  1785 | D:2      | Noticed Terence
  1802 | D:2      | Killed Terence
  1802 | D:2      | Reached XP level 6. HP: 27/32 MP: 9/9
  2107 | D:2      | Reached skill level 5 in Dodging
  3239 | D:3      | Reached skill level 5 in Short Blades
  3247 | D:3      | Reached *** piety under Lugonu
  3260 | D:3      | HP: 1/32 [orc priest/divine providence (14)]
  3773 | D:3      | Reached XP level 7. HP: 29/35 MP: 11/11
  3925 | D:3      | Noticed Sigmund
  3934 | D:3      | Killed Sigmund
  3934 | D:3      | Reached skill level 5 in Invocations
  4589 | D:4      | Reached skill level 5 in Stealth
  4839 | D:3      | Reached skill level 6 in Short Blades
  5367 | D:4      | Found a shattered altar of Ashenzari.
  5476 | D:5      | Entered Level 5 of the Dungeon
  5478 | D:5      | Found Memadyw's Book Boutique.
  5558 | D:5      | Found Ryudweic's Assorted Antiques.
  5562 | D:5      | Bought a forked iron wand for 96 gold pieces
  5562 | D:5      | Bought a peridot ring for 120 gold pieces
  5603 | D:5      | Reached XP level 8. HP: 24/39 MP: 13/13
  5955 | D:5      | Reached **** piety under Lugonu
  5962 | D:5      | Found Dailoh's Gadget Shop.
  6024 | D:5      | Got an iridescent quarterstaff
  6025 | D:5      | Identified the +5 quarterstaff "Ugucest" {crush, rN+ Int-2
                  | SInv} (You found it on level 5 of the Dungeon)
  6567 | D:5      | Reached skill level 7 in Short Blades
  6649 | D:5      | Found a runed translucent door.
  6649 | D:5      | Noticed Utbildad1's ghost (amateur OpWz)
  7245 | D:6      | Found a staircase to the Ecumenical Temple.
  7740 | D:7      | Reached XP level 9. HP: 7/43 MP: 15/15
  8061 | D:7      | Reached skill level 8 in Short Blades
  8071 | D:7      | HP: 2/43 [poisoned by a killer bee]
  8375 | D:7      | Reached ***** piety under Lugonu
  8980 | D:7      | Upgraded the game from 0.25-a0-413-g3b4b6a4ccc to
                  | 0.25-a0-420-g1cc7eeb0d1
  9400 | D:8      | Found a sparkling altar of Nemelex Xobeh.
  9408 | D:8      | Reached skill level 9 in Short Blades
 10073 | D:8      | Noticed a troll
 10130 | D:8      | Killed a troll
 10415 | D:8      | Reached XP level 10. HP: 22/50 MP: 17/17
 10915 | D:8      | Found a staircase to the Lair.
 11324 | Lair:1   | Entered Level 1 of the Lair of Beasts
 11338 | Lair:1   | Noticed a spiny frog
 11341 | Lair:1   | Banished a spiny frog
 11341 | Lair:1   | Reached skill level 5 in Fighting
 11425 | Lair:1   | Reached skill level 10 in Short Blades
 11425 | Lair:1   | Reached skill level 1 in Slings
 11516 | Lair:1   | Reached skill level 1 in Evocations
 11810 | Lair:1   | HP: 1/50 [yak (14)]
 12157 | Lair:1   | You fall into a shaft and drop 1 floor!
 12603 | Lair:2   | Noticed a manticore
 12604 | Lair:2   | Found a staircase to the Shoals.
 12627 | Lair:2   | Banished a manticore
 12662 | Lair:2   | Reached skill level 5 in Evocations
 12664 | Lair:2   | Reached skill level 5 in Slings
 12902 | Lair:2   | Reached XP level 11. HP: 23/55 MP: 18/18
 13064 | Lair:2   | Found a hole to the Spider Nest.
 13087 | Lair:2   | Noticed Gastronok
 13161 | Lair:2   | Mangled by Gastronok

Levels and vault maps discovered:
D:1:      lemuel_arrival_room, layout_basic
D:2:      cheibrodos_fertilizer, layout_basic, uniq_robin, uniq_terence
D:3:      layout_loops_ring, first_ration, uniq_sigmund
D:4:      layout_gridville, cheibrodos_ashenzari_chains
D:5:      minmay_octagon_keep, layout_basic, ebering_ghost_reflecting_pool,
          serial_shops, shop, nicolae_shop_temple_entry_statues_fountains, shop
D:6:      layout_loops_cross, minmay_temple_entry_glass, roderic_roman_lattice
D:7:      layout_basic
D:8:      layout_basic, nicolae_overflow_crystal_walls, erik_lair_island
Lair:1:   layout_cave_pods, infiniplex_staircase_pool_2, serial_bayou_shore_a
Lair:2:   layout_chaotic_city, minmay_shoals_entry_beasts, dummy_spider_entry,
          uniq_gastronok

Skill      XL: |  1  2  3  4  5  6  7  8  9 10 11 |
---------------+----------------------------------+-----
Short Blades   | 3 4 5 6 7 9 10 | 10.0
Dodging        | 4 5 6 7 9 |  9.2
Stealth        | 2 3 4 5 7 |  7.4
Invocations    | 3 4 5 7 8 9 |  9.0
Fighting       | 4 5 |  5.0
Slings         | 5 |  5.8
Evocations     | 6 |  6.1

Action                   |  1- 3 |  4- 6 |  7- 9 | 10-12 || total
-------------------------+-------+-------+-------+-------++-------
Melee: Short sword       |       |   228 |       |       ||   228
       Headbutt          |       |    13 |       |       ||    13
       Dagger            |       |   135 |   362 |   224 ||   721
       Quarterstaff      |       |       |   186 |    59 ||   245
 Fire: Hunting sling     |       |    16 |    43 |    40 ||    99
Throw: Dart              |     4 |     8 |     2 |       ||    14
       Stone             |       |       |    10 |     1 ||    11
Invok: Depart the Abyss  |       |     1 |       |       ||     1
       Banish            |       |       |       |     2 ||     2
Evoke: Wand              |       |       |    17 |     4 ||    21
  Use: Scroll            |       |     7 |     9 |     3 ||    19
       Potion            |       |     5 |     3 |     2 ||    10
 Stab: Sleeping          |       |     5 |    12 |     2 ||    19
       Paralysed         |       |       |     1 |     3 ||     4
  Eat: Ration            |       |       |     4 |     2 ||     6
Armor: Robe              |       |    21 |    24 |       ||    45
       Skin              |       |     2 |       |       ||     2
       Troll leather arm |       |       |       |    18 ||    18
Dodge: Dodged            |     1 |   251 |   417 |   227 ||   896
Block: Other             |       |    41 |    90 |    34 ||   165

Table legend:
 A = Non-vault XP
 B = Vault XP
 C = Vault XP percentage of total XP
 D = Non-vault monster count
 E = Vault monster count
 F = Vault count percentage of total count
                 A         B        C        D         E       F
            +---------+---------+-------+---------+---------+-------
      Total |    9192 |    2095 |  18.6 |     196 |      49 |  20.0
            +---------+---------+-------+---------+---------+-------
        D:1 |      46 |       0 |   0.0 |      27 |       0 |   0.0
        D:2 |     106 |     215 |  67.0 |      20 |      29 |  59.2
        D:3 |     265 |     212 |  44.4 |      29 |       1 |   3.3
        D:4 |     261 |       0 |   0.0 |      12 |       0 |   0.0
        D:5 |     333 |     350 |  51.2 |      21 |       9 |  30.0
        D:6 |     297 |       0 |   0.0 |      11 |       0 |   0.0
        D:7 |    1517 |       0 |   0.0 |      29 |       0 |   0.0
        D:8 |    1294 |     808 |  38.4 |      18 |       8 |  30.8
     Lair:1 |    2104 |       0 |   0.0 |      11 |       0 |   0.0
     Lair:2 |    2729 |     510 |  15.7 |      16 |       2 |  11.1
    Abyss:2 |     240 |       0 |   0.0 |       2 |       0 |   0.0
            +---------+---------+-------+---------+---------+-------
